 Dungeon Crawl Stone Soup version 0.22-a0-247-gbddf880 (webtiles) character file.

189 mhoghedin the Slasher (level 5, -1/45 HPs)
             Began as a Draconian Warper on Feb 27, 2018.
             Killed from afar by an orc wizard (9 damage)
             ... with a magic dart
             ... on level 3 of the Dungeon.
             The game lasted 00:03:58 (1970 turns).

mhoghedin the Slasher (Draconian Warper)            Turns: 1970, Time: 00:03:58

Health: -1/45      AC:  6    Str: 14    XL:     5   Next: 40%
Magic:  6/8        EV: 12    Int: 14    God:
Gold:   97         SH:  0    Dex: 10    Spells: 4/8 levels left

rFire    . . .     SeeInvis .   a - +0 falchion
rCold    . . .     Gourm    .   (no shield)
rNeg     . . .     Faith    .   (armour unavailable)
rPois    .         Spirit   .   (helmet restricted)
rElec    .         Reflect  .   (no cloak)
rCorr    .         Harm     .   j - +0 pair of gloves
MR       .....                  (no boots)
Stlth    +.........             (no amulet)
HPRegen  0.15/turn              e - ring of wizardry {Wiz+, !d}
MPRegen  0.11/turn              (no ring)

@: lethally poisoned (-1 -> -4), shrouded
A: unfitting armour, cold-blooded, AC +5
a: no special abilities


You were on level 3 of the Dungeon.
You were not hungry.

You visited 1 branch of the dungeon, and saw 3 of its levels.

You collected 97 gold pieces.

Inventory:

Hand Weapons
 a - a +0 falchion (weapon)
Missiles
 d - 5 tomahawks of dispersal {=f}
Armour
 j - a +0 pair of gloves (worn)
   (You found it on level 1 of the Dungeon)
Jewellery
 e - a ring of wizardry (left hand) {Wiz+, !d}
   (You found it on level 3 of the Dungeon)
Scrolls
 c - a scroll of blinking {!r}
 g - a scroll of amnesia {unknown}
 k - 2 scrolls of identify
 l - a scroll of random uselessness {unknown}
 o - a scroll of immolation {unknown}
 p - a scroll of teleportation
Potions
 f - a potion of curing {unknown}
 h - a potion of might {unknown}
 i - a potion of brilliance {unknown}
 m - a potion of flight
 n - 2 potions of heal wounds
Comestibles
 b - 2 rations


   Skills:
 + Level 3.3 Fighting
 + Level 3.6 Long Blades
 - Level 0.8 Throwing
 + Level 3.0 Dodging
 - Level 2.0 Spellcasting
 - Level 1.4 Charms
 - Level 3.5 Translocations


You had 4 spell levels left.
You knew the following spells:

 Your Spells              Type           Power        Failure   Level  Hunger
a - Shroud of Golubria    Chrm/Tloc      #.........   5%          2    ###....
b - Blink                 Tloc           N/A          3%          2    ###....


Dungeon Overview and Level Annotations

Branches:
Dungeon (3/15)

Altars:
Elyvilon
Gozag
Okawaru
The Shining One


Innate Abilities, Weirdness & Mutations

Your plain brown scales are hard. (AC +5)
You cannot fit into any form of body armour.
You are cold-blooded and may be slowed by cold attacks.


Message History

The orc wizard seems to speed up.
You hit the orc wizard.
Your shroud unravels.
The orc wizard completely misses you.
The orc wizard hits you but does no damage.
You barely miss the orc wizard. The orc wizard misses you.
You closely miss the orc wizard.
The orc wizard hits you but does no damage. x2
You closely miss the orc wizard.
Your tail-slap misses the orc wizard.
The orc wizard hits you but does no damage.
The orc throws a poisoned tomahawk.
The poisoned tomahawk hits you but does no damage.
You are poisoned.
Space distorts slightly along a thin shroud covering your body.
You feel sick. The orc wizard barely misses you.
The orc throws a poisoned tomahawk.
The poisoned tomahawk hits you.
You are more poisoned.
You take 3 damage, and have 42/45 hp.
You now have 5/8 mp.
You feel sick.
Your shroud bends the orc wizard's attack away.
You take 2 damage, and have 40/45 hp.
You closely miss the orc wizard.
You feel sick. The orc wizard completely misses you.
You take 2 damage, and have 38/45 hp.
You closely miss the orc wizard.
Your shroud begins to fray at the edges.
You feel sick.
The orc wizard hits you but does no damage.
Your shroud bends the orc wizard's attack away.
You take 1 damage, and have 37/45 hp.
You barely miss the orc wizard. You tail-slap the orc wizard.
You feel sick.
The orc wizard hits you but does no damage.
The orc wizard closely misses you.
You take 2 damage, and have 35/45 hp.
You hit the orc wizard but do no damage.
You feel sick.
The orc wizard hits you but does no damage.
You take 1 damage, and have 34/45 hp.
You hit the orc wizard but do no damage.
You tail-slap the orc wizard, but do no damage.
You feel sick.
The orc wizard hits you but does no damage.
Your shroud bends the orc wizard's attack away.
You hit the orc wizard.
Your tail-slap misses the orc wizard.
You feel sick. The orc wizard hits you with a dagger.
The orc wizard closely misses you.
You take 4 damage, and have 30/45 hp.
You barely miss the orc wizard.
You tail-slap the orc wizard, but do no damage.
You feel sick.
The orc wizard hits you but does no damage.
You take 1 damage, and have 29/45 hp.
You completely miss the orc wizard.
Your shroud unravels.
You feel sick.
The orc wizard hits you but does no damage.
The orc wizard closely misses you.
You take 1 damage, and have 28/45 hp.
You hit the orc wizard.
You feel sick.
The orc wizard hits you but does no damage.
You take 1 damage, and have 27/45 hp.
You hit the orc wizard but do no damage.
You feel sick.
The orc wizard looks encouraged for a moment.
The orc wizard hits you with a dagger.
You take 4 damage, and have 23/45 hp.
You hit the orc wizard but do no damage.
You feel sick.
The orc wizard hits you but does no damage.
The orc wizard mumbles some strange words.
The orc wizard flickers and vanishes!
Deactivating autopickup; reactivate with Ctrl-A.
You hit something. Something barely misses you.
The orc throws a poisoned tomahawk.
The poisoned tomahawk barely misses you.
You barely miss something.
You feel sick.
Something hits you but does no damage. x2
You take 1 damage, and have 22/45 hp.
You closely miss something.
You feel sick. Something hits you but does no damage.
You hear some strange, mumbled words.
A puff of frost appears from out of thin air!
The puff of frost hits you!
* * * LOW HITPOINT WARNING * * *
You take 9 damage, and have 13/45 hp.
You barely miss something.
Space distorts slightly along a thin shroud covering your body.
You feel sick. Something hits you but does no damage.
Your shroud bends something's attack away.
You take 1 damage, and have 12/45 hp.
You now have 5/8 mp.
You hit something.
You hear some strange, mumbled words.
A puff of frost appears from out of thin air!
The puff of frost hits you!
* * * LOW HITPOINT WARNING * * *
You take 3 damage, and have 9/45 hp.
You barely miss something.
You feel sick.
You hear some strange, mumbled words.
A magic dart appears from out of thin air!
The magic dart hits you!
You die...

#.#.# #.#.# .. #.#.# .#
....# # .# ....# #. .#
...#######.#### .#
#.###.........## .#
..###.######...###.######
#..........(...)@{o......
##.##.######...###.#####.
#..................#
.####.######...##### ##
#.# ##.## # #.#######.#
#####.........#
...##########.# ##.# #.#
#.#


You could see an orc.

Vanquished Creatures
  A bullfrog (D:3)
  6 adders
  A worm (D:3)
  4 leopard geckos
  5 orcs (D:3)
  8 bats
  A giant cockroach (D:2)
  4 hobgoblins
  6 jackals (D:1)
  3 ball pythons
  3 frilled lizards
  A goblin (D:2)
  6 kobolds
  A leopard gecko skeleton (D:2)
  5 rats
55 creatures vanquished.

Notes
Turn   | Place    | Note
-------+----------+-------------------------------------------
     0 | D:1      | mhoghedin the Draconian Warper began the quest for the Orb.
     0 | D:1      | Reached XP level 1. HP: 17/17 MP: 3/3
   239 | D:1      | Reached XP level 2. HP: 23/25 MP: 5/5
   720 | D:2      | Learned a level 2 spell: Blink
   723 | D:2      | Learned a level 2 spell: Shroud of Golubria
   740 | D:2      | Reached XP level 3. HP: 27/30 MP: 1/6
   959 | D:2      | Reached skill level 1 in Charms
  1159 | D:2      | Reached XP level 4. HP: 37/37 MP: 5/7
  1222 | D:2      | Found an iron altar of Okawaru.
  1232 | D:2      | Reached skill level 3 in Long Blades
  1759 | D:3      | Noticed a bullfrog
  1778 | D:3      | Killed a bullfrog
  1778 | D:3      | Reached skill level 3 in Fighting
  1778 | D:3      | Reached XP level 5. HP: 45/45 MP: 8/8
  1862 | D:3      | Found a glowing golden altar of the Shining One.
  1862 | D:3      | Found a white marble altar of Elyvilon.
  1863 | D:3      | Found an opulent altar of Gozag.
  1873 | D:3      | Reached skill level 3 in Dodging
  1969 | D:3      | HP: 9/45 [something/puff of frost (4)]
  1970 | D:3      | Killed from afar by an orc wizard

Vault maps used:
D:1:      dpeg_arrival_court
D:2:      okawaru_gym_becter
D:3:      nicolae_overflow_quartered_altars

Skill      XL: |  1  2  3  4  5 |
---------------+----------------+-----
Charms         | 1 |  1.4
Long Blades    | 3 |  3.6
Fighting       | 3 |  3.3
Dodging        | 3 |  3.0
Throwing       | |  0.8
Spellcasting   | |  2.0
Translocations | |  3.5

Action                   |  1- 3 |  4- 6 || total
-------------------------+-------+-------++-------
Melee: Falchion          |    97 |   108 ||   205
       Tailslap          |    13 |     8 ||    21
 Cast: Shroud of Golubri |    11 |     9 ||    20
  Use: Scroll            |       |     4 ||     4
       Potion            |       |     2 ||     2
 Stab: Sleeping          |     3 |       ||     3
  Eat: Chunk             |     2 |     3 ||     5
Armor: Skin              |    30 |    53 ||    83
Dodge: Dodged            |    79 |    58 ||   137
       Rpst.: Falchion   |    28 |    18 ||    46

Table legend:
 A = Spawn XP
 B = Non-spawn XP
 C = Spawn XP percentage of total XP
 D = Spawn monster count
 E = Non-spawn monster count
 F = Spawn count percentage of total count
 G = Total turns spent on level
                    A         B        C        D         E        F      G
               +---------+---------+-------+---------+---------+-------+---------
         Total |       0 |     271 |   0.0 |       0 |      55 |   0.0 |  1970
               +---------+---------+-------+---------+---------+-------+---------
           D:1 |       0 |      27 |   0.0 |       0 |      16 |   0.0 |   705
           D:2 |       0 |     104 |   0.0 |       0 |      26 |   0.0 |   804
           D:3 |       0 |     140 |   0.0 |       0 |      13 |   0.0 |   461
               +---------+---------+-------+---------+---------+-------+---------

Vault maps used:
D:1:      dpeg_arrival_court
D:2:      okawaru_gym_becter
D:3:      nicolae_overflow_quartered_altars

Table legend:
 A = Turns spent in this place as a percentage of turns spent in the entire game.
 B = Non-inter-level travel turns spent in this place as a percentage of non-inter-level travel turns spent in the entire game.
 C = Inter-level travel turns spent in this place as a percentage of turns spent in this place.
 D = Turns resting spent in this place as a percentage of non-inter-level travel turns spent in this place.
 E = Turns spent auto-exploring this place as a percentage of non-inter-level travel turns spent in this place.
 F = Non-inter-level travel turns spent in this place divided by the number of levels of this place that you've seen.
                   A       B       C       D       E      F
               +-------+-------+-------+-------+-------+----------------------
         Total | 100.0 | 100.0 |   3.7 |  10.8 |  66.2 | 632.7
       Dungeon | 100.0 | 100.0 |   3.7 |  10.8 |  66.2 | 632.7
               +-------+-------+-------+-------+-------+----------------------

Table legend:
 A = Kills in this place as a percentage of kills in entire the game.
 B = Kills by you in this place as a percentage of kills by you in the entire game.
 C = Kills by friends in this place as a percentage of kills by friends in the entire game.
 D = Other kills in this place as a percentage of other kills in the entire game.
 E = Experience gained in this place as a percentage of experience gained in the entire game.
 F = Experience gained in this place divided by the number of levels of this place that you have seen.
                   A       B       C       D       E      F
               +-------+-------+-------+-------+-------+----------------------
         Total | 100.0 | 100.0 |   N/A |   N/A | 100.0 |  90.3
       Dungeon | 100.0 | 100.0 |   N/A |   N/A | 100.0 |  90.3
               +-------+-------+-------+-------+-------+----------------------
